AoeStats
← lil_luzツ

Arena

510875713Analyzed
4v4 RM · 10h ago on Oct 2, 2026· 53m 46s· 8 players
Game mode
Random Map
Map size
Large (8 player)
Population
200
Speed
Normal
Resources
Standard
Victory
Conquest
Starting age
Dark Age
Ending age
Imperial Age
RankedLock teamsTeams togetherTeam positionsShared explorationLock speedFull tech treeHidden civsTurbo modeCheats
Victory
Defeat
🇺🇸 Italians · United States
913
+20
🇺🇾 Vietnamese · Uruguay
896
+21
🇮🇩 Portuguese · Indonesia
890
+21
🇱🇺 Saxons · Luxembourg
854
+22
🇲🇽 Teutons · Mexico
1018
-22
🇺🇸 Danes · United States
1009
-21
🇯🇵 Bohemians · Japan
1003
-21
🇳🇱 Teutons · Netherlands
975
-20
whythelongfaceimahorse
7:11 Loom
10:44 Feudal Age
11:13 Loom
15:00 Castle Age
12:52 Double-Bit Axe
16:53 Wheelbarrow
18:39 Fletching
21:27 Bodkin Arrow
29:06 Horse Collar
33:30 Imperial Age
36:30 Hand Cart
36:28 Bow Saw
38:11 Light Cavalry
39:13 Light Cavalry
40:05 Bloodlines
40:18 Gold Mining
43:05 Hussar
44:20 Bracer
44:20 Padded Archer Armor
44:33 Elite Skirmisher
44:35 Crossbowman
45:39 Arbalester
46:50 Thumb Ring
48:30 Leather Archer Armor
48:46 Ballistics
49:27 Chemistry
49:33 Ring Archer Armor
50:25 Scale Barding Armor
50:31 Forging
51:20 Chain Barding Armor
54:31 Iron Casting
54:33 Plate Barding Armor
lil_luzツ
10:51 Feudal Age
12:07 Fletching
15:37 Loom
18:06 Arson
22:14 Horse Collar
22:38 Double-Bit Axe
30:33 Castle Age
28:31 Stone Mining
28:52 Man-at-Arms
29:45 Forging
31:34 Bow Saw
31:27 Heavy Plow
37:54 Bodkin Arrow
40:21 Iron Casting
39:52 Scale Barding Armor
39:58 Scale Mail Armor
43:54 Fortified Wall
44:18 Chain Barding Armor
Pocho32
7:21 Loom
10:54 Feudal Age
17:33 Castle Age
16:23 Double-Bit Axe
21:28 Gold Mining
22:42 Fletching
23:56 Horse Collar
24:54 Scale Barding Armor
25:24 Forging
25:11 Bodkin Arrow
25:24 Husbandry
30:11 Bloodlines
30:52 Padded Archer Armor
35:56 Wheelbarrow
36:00 Iron Casting
37:37 Chatras
46:25 Imperial Age
49:42 Chain Barding Armor
50:05 Elite Skirmisher
51:40 Plate Barding Armor
51:09 Imperial Skirmisher
ayon
0:30 Loom
11:24 Feudal Age
12:05 Double-Bit Axe
20:14 Castle Age
22:28 Wheelbarrow
21:38 Town Watch
21:57 Gold Mining
21:57 Stone Mining
28:06 Imperial Age
28:14 Stone Shaft Mining
30:01 Chemistry
30:43 Ballistics
32:28 Heated Shot
34:45 Husbandry
34:05 Cavalier
34:55 Scale Barding Armor
40:30 Siege Engineers
40:36 Masonry
41:02 Arquebus
43:18 Elite Organ Gun
45:46 Chain Barding Armor
45:27 Scale Mail Armor
45:37 Forging
48:45 Bow Saw
50:59 Plate Barding Armor
50:39 Chain Mail Armor
51:00 Iron Casting
50:57 Architecture
51:22 Murder Holes
alancazu
0:30 Loom
9:01 Feudal Age
9:31 Double-Bit Axe
13:48 Horse Collar
18:46 Castle Age
16:48 Stone Mining
17:54 Gold Mining
18:17 Forging
21:52 Wheelbarrow
30:31 Imperial Age
28:53 Hand Cart
28:53 Bow Saw
29:03 Padded Archer Armor
28:54 Fletching
31:14 Leather Archer Armor
30:54 Bodkin Arrow
31:19 Scale Mail Armor
31:54 Iron Casting
31:34 Elite Skirmisher
33:06 Ring Archer Armor
33:31 Chain Mail Armor
34:20 Chemistry
35:34 Two-Man Saw
37:44 Blast Furnace
37:14 Plate Mail Armor
37:07 Ballistics
38:53 Siege Engineers
38:28 Man-at-Arms
38:54 Gambesons
39:09 Squires
39:32 Conscription
38:54 Pikeman
39:19 Arson
39:55 Heavy Plow
39:55 Town Watch
39:56 Long Swordsman
39:57 Halberdier
41:28 Ironclad
41:34 Fortified Wall
40:56 Two-Handed Swordsman
43:01 Champion
Kevin_MdP
10:10 Feudal Age
14:49 Castle Age
13:23 Double-Bit Axe
14:07 Stone Mining
19:52 Loom
24:57 Scale Mail Armor
26:15 Hamask
32:24 Imperial Age
30:29 Forging
30:31 Town Watch
31:52 Pikeman
33:52 Halberdier
35:20 Onager
37:26 Chain Mail Armor
39:24 Squires
42:17 Chemistry
HardstyleHunter
6:57 Loom
9:16 Feudal Age
13:42 Forging
13:23 Fletching
19:30 Wheelbarrow
22:52 Double-Bit Axe
39:59 Castle Age
41:10 Bow Saw
42:53 Horse Collar
46:03 Heavy Plow
45:54 Pikeman
46:34 Squires
48:27 Hand Cart
50:32 Scale Mail Armor
50:43 Forging
53:13 Bodkin Arrow
53:36 Chain Mail Armor
53:57 Iron Casting
t45zeus
10:56 Feudal Age
15:17 Castle Age
14:00 Double-Bit Axe
14:35 Loom
14:55 Horse Collar
21:41 Town Watch
23:58 Wheelbarrow
25:13 Bow Saw
29:14 Imperial Age
27:49 Chemistry
27:05 Scale Mail Armor
27:16 Forging
28:44 Hand Cart
28:45 Squires
28:06 Pikeman
29:34 Chain Mail Armor
29:55 Iron Casting
31:31 Two-Man Saw
30:32 Halberdier
39:36 Heavy Scorpion
44:15 Ballistics
Connection lost

Rejoining the realm…

Still unreachable

The connection could not be restored.

Session expired

The server has moved on; the page needs a fresh start.